[Event "*** SCC Grand Prix: Titled Tuesday Blitz"]
[Site "Chess.com"]
[Date "2020.07.21"]
[Round "1"]
[White "GMJustin"]
[Black "olksuna"]
[Result "0-1"]
[WhiteElo "2283"]
[BlackElo "2626"]
[TimeControl "180+1"]
[EndTime "10:07:13 PDT"]
[Termination "olksuna won on time"]

1. d4 Nf6 2. c4 e6 3. Nc3 Bb4 4. e3 O-O 5. Bd3 c5 6. Ne2 d5 7. O-O cxd4 8. exd4 dxc4 9. Bxc4 Nc6 10. Bg5 Be7 11. Rc1 h6 12. Bh4 b6 13. a3 Bb7 14.
Qd3 Nh5 15. Bg3 Nxg3 16. hxg3 Rc8 17. Rfd1 Bf6 18. Ba2 Ne7 19. Ne4 Nd5 20. Rxc8 Bxc8 21. Bxd5 exd5 22. Nxf6+ Qxf6 23. Nf4 Rd8 24. Re1 Bf5 25.
Qe3 Be4 26. f3 Bf5 27. Qe5 Qxe5 28. Rxe5 Bb1 29. Nxd5 Kf8 0-1

[Event "*** SCC Grand Prix: Titled Tuesday Blitz"]
[Site "Chess.com"]
[Date "2020.07.21"]
[Round "1"]
[White "WildTricks"]
[Black "sm_sharon"]
[Result "1-0"]
[WhiteElo "2503"]
[BlackElo "2055"]
[TimeControl "180+1"]
[EndTime "10:07:13 PDT"]
[Termination "WildTricks won by resignation"]

1. e4 c5 2. Nf3 d6 3. d4 cxd4 4. Qxd4 Nc6 5. Qe3 Nf6 6. h3 g6 7. Be2 Bg7 8. O-O O-O 9. Rd1 Qc7 10. c4 Be6 11. Nc3 a6 12. Rb1 h6 13. b3 Nd7 14.
Bd2 Nde5 15. Nxe5 Nxe5 16. Rbc1 Qc5 17. Qxc5 dxc5 18. Na4 Rac8 19. Be3 Nd7 20. Rd2 b6 21. Rcd1 Rc7 22. f4 Rb7 23. Bf3 Rc7 24. g4 f5 25.
gxf5 gxf5 26. e5 Rb8 27. Nc3 b5 28. Nd5 Bxd5 29. Bxd5+ Kh8 30. Be6 Nf8 31. Bxf5 bxc4 32.
bxc4 e6 33. Be4 Rf7 34. Kg2 h5 35. Kf3 Bh6 36. Rd8 Rxd8 37. Rxd8 Bg7 38. Kg3 Bh6 39. Bf3 Rg7+ 40. Kf2 Rg8 41. Bxh5 Nh7 42. Rxg8+ Kxg8 43. Kf3 Kf8 44. Bxc5+ 1-0

[Event "*** SCC Grand Prix: Titled Tuesday Blitz"]
[Site "Chess.com"]
[Date "2020.07.21"]
[Round "1"]
[White "2346PL"]
[Black "XDPS"]
[Result "1-0"]
[WhiteElo "2395"]
[BlackElo "2723"]
[TimeControl "180+1"]
[EndTime "10:07:14 PDT"]
[Termination "2346PL won by checkmate"]

1. d4 d5 2. Nf3 Nf6 3. c3 e6 4. Bg5 Nbd7 5. e3 c5 6. Bd3 Qc7 7. Nbd2 b6 8. O-O Bb7 9. h3 Be7 10. Qe2 O-O 11. Rac1 Rfe8 12. e4 dxe4 13. Nxe4 Nxe4 14.
Bxe4 Bxg5 15. Nxg5 Bxe4 16. Nxe4 cxd4 17. cxd4 Qf4 18.
Qe3 Qh4 19. Nd6 Rf8 20. Ne4 Rac8 21. Rfd1 Nf6 22. Nxf6+ Qxf6 23. Qe5 Qd8 24. Rxc8 Qxc8 25. d5 Rd8 26. d6 f6 27. Qb5 Qd7 28. Qh5 Rc8 29.
Qe2 g6 30. h4 Kf7 31. h5 Rc5 32.
hxg6+ hxg6 33. Qe4 Kg7 34. Qa8 g5 35. g3 Kf7 36. Qh8 Rd5 37. Qh7+ Ke8 38. Qg8# 1-0

[Event "*** SCC Grand Prix: Titled Tuesday Blitz"]
[Site "Chess.com"]
[Date "2020.07.21"]
[Round "1"]
[White "SzMM19"]
[Black "Roza_Idrisova"]
[Result "1-0"]
[WhiteElo "2597"]
[BlackElo "2248"]
[TimeControl "180+1"]
[EndTime "10:07:14 PDT"]
[Termination "SzMM19 won on time"]

1. e4 c6 2. Nf3 d5 3. Nc3 a6 4. d4 Bg4 5. h3 Bh5 6. exd5 cxd5 7. g4 Bg6 8. Ne5 Nc6 9. Nxg6 hxg6 10. Bg2 e6 11.
Be3 Nf6 12. Qd2 Bb4 13. O-O Ne4 14. Qd3 Nxc3 15. bxc3 Bd6 16. c4 dxc4 17. Qxc4 O-O 18. Rfd1 Na5 19. Qe2 Rc8 20. d5 e5 21. Rab1 b5 22.
a4 b4 23. Qxa6 Nc4 24. Bc1 Qc7 25. Bf1 Na3 26. Bxa3 bxa3 27. Qc6 Qxc6 28. dxc6 Rxc6 29. Bb5 Rb6 30. a5 a2 31. Rb2 Rbb8 32. c4 Bc5 33. Rxa2 Bd4 34. a6 Rfc8 35. Kg2 Rc7 36. Rad2 f5 37. f4 fxg4 38. hxg4 Kf7 39. fxe5 Bxe5 40. Rd7+ Rxd7 41. Rxd7+ Kf6 42. Bc6 Rb2+ 43. Kf3 Ra2 44. a7 Ra3+ 45. Ke4 Ra2 46. a8=Q Re2+ 47. Kf3 Rh2 48.
Qd8+ 1-0

[Event "*** SCC Grand Prix: Titled Tuesday Blitz"]
[Site "Chess.com"]
[Date "2020.07.21"]
[Round "1"]
[White "louis198"]
[Black "CzechmVIII"]
[Result "1-0"]
[WhiteElo "2568"]
[BlackElo "2190"]
[TimeControl "180+1"]
[EndTime "10:07:14 PDT"]
[Termination "louis198 won by resignation"]

1. d4 Nf6 2. Bf4 c5 3. e3 Nd5 4. Bg3 Qb6 5. dxc5 Qxb2 6. Nd2 Nc3 7. Qc1 Qxc1+ 8. Rxc1 e6 9. Bc4 Bxc5 10. Be5 Na4 11. Bb3 Nb6 12. Bxg7 Rg8 13. Be5 Nc6 14. Bg3 d5 15. Ngf3 Bd7 16. c4 dxc4 17. Nxc4 Nxc4 18. Rxc4 Bb4+ 19. Ke2 Be7 20. Rd1 Na5 21. Rxd7 Nxc4 22.
Rxe7+ Kxe7 23. Bxc4 Rac8 24. Bb3 b5 25. Nd4 a6 26.
Bh4+ Kd6 27. Bg3+ Ke7 28. Bc2 Rge8 29. Be4 Rc4 30. Bb7 Ra4 31. Nc6+ Kf8 32. a3 f6 33. Bd6+ Kf7 34. Bb4 Kg6 35. Na5 e5 36. Be4+ f5 37. Bc2 Rxb4 38. axb4 Rd8 39. g4 Kg5 40. gxf5 Rc8 41.
Bd3 Rc3 42. Nb7 Rb3 43. Nc5 Rxb4 44. Nxa6 Rb2+ 45. Kf3 Kf6 46. Nc5 b4 47. Nd7+ Ke7 48. Nxe5 Ra2 49. Bc4 Ra1 50. Ng4 Rb1 51. f6+ Kf8 52.
Ne5 b3 53. Nd7+ Ke8 54. f7+ Kxd7 55. f8=Q 1-0

[Event "*** SCC Grand Prix: Titled Tuesday Blitz"]
[Site "Chess.com"]
[Date "2020.07.21"]
[Round "1"]
[White "LilRag"]
[Black "a3aki"]
[Result "1-0"]
[WhiteElo "2501"]
[BlackElo "2034"]
[TimeControl "180+1"]
[EndTime "10:07:14 PDT"]
[Termination "LilRag won on time"]

1. Nf3 Nf6 2. b3 g6 3. Bb2 Bg7 4. e3 d6 5. Be2 O-O 6. O-O e5 7. d4 e4 8. Nfd2 d5 9. c4 c6 10.
Nc3 Re8 11. b4 h5 12. a4 Nbd7 13. b5 Nf8 14. a5 a6 15. bxc6 bxc6 16. Na4 N8h7 17.
Nb6 Rb8 18. Bc3 Be6 19. cxd5 cxd5 20. Bxa6 Ng5 21. Bb5 Re7 22. Bb4 Rc7 23. Bc5 Bf8 24. Nb3 Bd6 25. h4 Bg4 26. Be2 Ne6 27. a6 Nxc5 28. dxc5 Bxc5 29. Nxc5 Rxb6 30. a7 Rc8 31. Bxg4 Nxg4 32. g3 Ra8 33. Qd4 Rc6 34. Rfd1 Qc7 35. Qxd5 Rxc5 36. Qxa8+ Kg7 37. Qb8 Qe7 38. a8=Q Kf6 39.
Qh8+ Kf5 40. Rd5+ Rxd5 41. Qxd5+ Ne5 42. Qhxe5+ Qxe5 43.
Qxe5+ Kxe5 44. Kf1 Kf5 45. Ke2 Kg4 46. Ra7 f5 47. Rg7 1-0

[Event "*** SCC Grand Prix: Titled Tuesday Blitz"]
[Site "Chess.com"]
[Date "2020.07.21"]
[Round "1"]
[White "vladislavkovalev"]
[Black "2007checkmate"]
[Result "1-0"]
[WhiteElo "2889"]
[BlackElo "2435"]
[TimeControl "180+1"]
[EndTime "10:07:15 PDT"]
[Termination "vladislavkovalev won by checkmate"]

1. e4 e5 2. Nf3 Nc6 3. Bb5 a6 4. Ba4 Nf6 5. O-O Be7 6. d3 d6 7. Nc3 Bg4 8. h3 Bh5 9. Be3 Nd7 10. Nd5 h6 11. c4 Bg5 12. g4 Bg6 13. b4 Bxe3 14.
fxe3 h5 15. g5 h4 16. Qe1 Nf8 17. Kh2 Ne6 18. Rg1 Rh5 19. Qf2 Rc8 20. Qg2 Kf8 21. Raf1 Kg8 22. Qg4 Na7 23. Bb3 c5 24. Nc3 cxb4 25. Nd5 b5 26. cxb5 Nxb5 27. Nxb4 a5 28. Nd5 Nc3 29. Nxc3 Rxc3 30. Bxe6 fxe6 31. Nxh4 Bf7 32.
g6 Rc2+ 33. Kh1 Rxh4 34. gxf7+ Kf8 35. Qxg7+ Ke7 36. f8=Q# 1-0

[Event "*** SCC Grand Prix: Titled Tuesday Blitz"]
[Site "Chess.com"]
[Date "2020.07.21"]
[Round "1"]
[White "LuckSlayeer"]
[Black "GMHess"]
[Result "0-1"]
[WhiteElo "2394"]
[BlackElo "2785"]
[TimeControl "180+1"]
[EndTime "10:07:15 PDT"]
[Termination "GMHess won by checkmate"]

1. Nf3 g6 2. d4 Bg7 3. e4 a6 4. h4 h6 5. c4 d6 6. Nc3 Bg4 7. Be2 Nc6 8. Be3 e5 9. d5 Bxf3 10. Bxf3 Nd4 11. h5 g5 12. Bg4 Nf6 13. O-O Qe7 14. f3 O-O 15. Ne2 c5 16. Ng3 b5 17. b3 Rfb8 18. Nf5 Nxf5 19. Bxf5 Nxh5 20. Rf2 bxc4 21. bxc4 Rb4 22. a3 Rxc4 23. Qb3 Rd4 24. Rb1 c4 25. Qb6 Rd3 26. Rc2 Ng3 27. Bh3 h5 28.
Rxc4 g4 29. fxg4 hxg4 30. Bxg4 Qh4 31. Bh3 Ne2+ 32. Kh1 Nd4 33. Bxd4 exd4 34. Qxd6 Qxe4 35. Rc7 Rxh3+ 36. Kg1 Qe3+ 37. Kf1 Rh1# 0-1

[Event "*** SCC Grand Prix: Titled Tuesday Blitz"]
[Site "Chess.com"]
[Date "2020.07.21"]
[Round "1"]
[White "Semen_Khanin"]
[Black "KingCrusher275"]
[Result "1-0"]
[WhiteElo "2736"]
[BlackElo "2376"]
[TimeControl "180+1"]
[EndTime "10:07:15 PDT"]
[Termination "Semen_Khanin won by resignation"]

1. e4 c5 2. Nf3 e6 3. d4 cxd4 4. Nxd4 Nc6 5. Nc3 Qc7 6. Be3 a6 7. Qf3 Nf6 8. O-O-O Ne5 9. Qg3 b5 10. Bxb5 axb5 11. Ndxb5 Qb8 12. Bf4 d6 13. Rxd6 Nh5 14. Qg5 Bxd6 15. Nxd6+ Qxd6 16. Bxe5 Qe7 17. Qxh5 O-O 18.
Rd1 Rd8 19. Rxd8+ Qxd8 20. Qd1 Qe8 21. Qg4 Qf8 22. Bf6 Bb7 23. h4 h6 24. h5 Kh7 25.
Bd4 Rd8 26. Be3 Qb4 27. a3 Qc4 28. Qe2 Qxe2 29. Nxe2 Bxe4 30. f3 Bb7 31. b3 e5 32. Ng3 Bc8 33. a4 f5 34. Bb6 Re8 35.
c4 e4 36. fxe4 fxe4 37. Be3 Bg4 38. a5 g6 39. hxg6+ Kxg6 40. a6 h5 41. a7 Bf5 42.
b4 h4 43. Ne2 Kf6 44. b5 Ke5 45. b6 Bc8 46. a8=Q 1-0

[Event "*** SCC Grand Prix: Titled Tuesday Blitz"]
[Site "Chess.com"]
[Date "2020.07.21"]
[Round "1"]
[White "FMalexhdez"]
[Black "pastouche06"]
[Result "1/2-1/2"]
[WhiteElo "2142"]
[BlackElo "2526"]
[TimeControl "180+1"]
[EndTime "10:07:15 PDT"]
[Termination "Game drawn by repetition"]

1. e4 c6 2. d4 d5 3. exd5 cxd5 4. Bd3 Nc6 5. c3 Qc7 6. Ne2 Bg4 7. f3 Bh5 8. Bf4 e5 9. dxe5 Nxe5 10. Bb5+ Ke7 11. Qxd5 f6 12. Nd4 Nh6 13. Qe6+ Kd8 14. Qd5+ Kc8 15.
Ne6 Qb6 16. Bxe5 fxe5 17. Bd7+ Kb8 18. Nxf8 Rxf8 19. Qxe5+ Qc7 20. Qxc7+ Kxc7 21. Ba4 Nf5 22. O-O Rad8 23. Na3 a6 24. Bc2 Ne3 25. Rf2 Nxc2 26. Nxc2 Rfe8 27. Nd4 Re5 28. Kf1 Rde8 29. Re2 Rxe2 30.
Nxe2 Bf7 31. b3 g5 32. Nd4 Re3 33. Rc1 Bg6 34. Kf2 Re5 35. c4 Kd6 36. Rd1 Kc5 37.
Ne2 b5 38. cxb5 axb5 39. Nc3 h5 40. g3 b4 41. Ne4+ Bxe4 42. fxe4 Rxe4 43. Rc1+ Kd4 44. Rc8 Kd3 45. h3 g4 46. hxg4 hxg4 47. Rd8+ Kc3 48.
Rb8 Kd2 49. Rc8 Re2+ 50. Kf1 Re1+ 51. Kf2 Re2+ 52. Kf1 Re1+ 53. Kf2 Re2+ 1/2-1/2

[Event "*** SCC Grand Prix: Titled Tuesday Blitz"]
[Site "Chess.com"]
[Date "2020.07.21"]
[Round "1"]
[White "monalize"]
[Black "baag"]
[Result "0-1"]
[WhiteElo "2269"]
[BlackElo "2614"]
[TimeControl "180+1"]
[EndTime "10:07:16 PDT"]
[Termination "baag won on time"]

1. e4 Nf6 2. e5 Nd5 3. d3 d6 4. exd6 cxd6 5. Be2 g6 6. Nf3 Bg7 7. O-O O-O 8. c3 Nc6 9. Re1 e5 10. Nbd2 h6 11. Bf1 Be6 12. a4 Nc7 13. a5 f5 14. Qa4 Bf7 15. Nc4 Re8 16. Qa3 Nb5 17. Qb3 a6 18. Qc2 d5 19. Nb6 Rb8 20. Qa4 e4 21. Nd2 Qc7 22. Nb3 exd3 23. Bd2 Ne5 24.
Bf4 g5 25. Bxe5 Bxe5 26. g3 Nd6 27. Bxd3 Ne4 28. Nd4 Qc5 29. Qa3 Bxd4 30. cxd4 Qxd4 31. Re2 Nc5 32. Rd1 Nxd3 33. Rxd3 Qg4 34. f3 Qh3 35. Re7 Rxe7 36. Qxe7 Re8 37. Qb4 Re2 0-1

[Event "*** SCC Grand Prix: Titled Tuesday Blitz"]
[Site "Chess.com"]
[Date "2020.07.21"]
[Round "1"]
[White "Vesper2018"]
[Black "HElissalt"]
[Result "1-0"]
[WhiteElo "2595"]
[BlackElo "2246"]
[TimeControl "180+1"]
[EndTime "10:07:16 PDT"]
[Termination "Vesper2018 won on time"]

1. e4 d6 2. d4 Nf6 3. Nc3 e5 4. Nf3 Nbd7 5. Bc4 Be7 6. O-O O-O 7.
Re1 h6 8. a4 c6 9. b3 b6 10.
Bb2 Qc7 11. Nh4 exd4 12. Qxd4 Ne5 13. Bf1 d5 14. h3 Bc5 15. Qd2 d4 16. Nd1 Rd8 17.
Bd3 Qe7 18. f4 Nxd3 19. Qxd3 Nd5 20. Qg3 Ne3 21. Nxe3 dxe3 22. Re2 Qxe4 23. Rae1 g6 24.
f5 g5 25. Nf3 Bxf5 26. h4 g4 27. Ne5 Bd6 28. Rxe3 Bc5 29. Kh1 Bxe3 30. Rxe3 Rd1+ 31. Kh2 Qxc2 32. Nxg4 1-0

[Event "*** SCC Grand Prix: Titled Tuesday Blitz"]
[Site "Chess.com"]
[Date "2020.07.21"]
[Round "1"]
[White "Tonychess32"]
[Black "Duong57"]
[Result "0-1"]
[WhiteElo "2610"]
[BlackElo "2312"]
[TimeControl "180+1"]
[EndTime "10:07:18 PDT"]
[Termination "Duong57 won by checkmate"]

1. e4 c5 2. Nf3 d6 3. c3 Nf6 4.
Be2 a6 5. O-O Bd7 6. d3 e5 7. Re1 Be7 8. a4 O-O 9. Nbd2 Nc6 10. h3 b5 11. Nf1 b4 12. Ng3 a5 13.
Nh2 Rb8 14. Rf1 Qc7 15. f4 Rfd8 16. Ng4 Nxg4 17. Bxg4 exf4 18. Bxf4 Ne5 19. Bxd7 Rxd7 20. Nf5 Bf8 21. d4 cxd4 22. cxd4 Ng6 23. Bh2 Rc8 24.
Qg4 Qa7 25. h4 Kh8 26. h5 Ne5 27. Qe2 Nc6 28. Rad1 d5 29. exd5 Rxd5 30. Kh1 Rcd8 31. Bg1 f6 32. h6 g6 33. Ne3 Rh5+ 34. Bh2 Bd6 35. Ng4 f5 36. Kg1 fxg4 37. Bxd6 Nxd4 38.
Qf2 Ne2# 0-1

[Event "*** SCC Grand Prix: Titled Tuesday Blitz"]
[Site "Chess.com"]
[Date "2020.07.21"]
[Round "1"]
[White "Margarita2907"]
[Black "JesseKraai"]
[Result "0-1"]
[WhiteElo "2081"]
[BlackElo "2509"]
[TimeControl "180+1"]
[EndTime "10:07:18 PDT"]
[Termination "JesseKraai won by resignation"]

1. e4 d6 2. d4 Nf6 3. Nc3 e5 4. Nf3 Nbd7 5. Bc4 Be7 6. O-O c6 7. Re1 b5 8. Bf1 Bb7 9. h3 O-O 10. Qd3 Qc7 11. Nd1 Rfe8 12. c3 Bf8 13. Qc2 a6 14.
Bd3 g6 15. Ne3 Bg7 16. Nf1 exd4 17. cxd4 c5 18. d5 c4 19. Ng3 Nc5 20. Bf1 Nfd7 21.
Bd2 Ne5 22. Nxe5 Bxe5 23. Bc3 Qb6 24. Bxe5 Rxe5 25. Re3 Rae8 26. Rae1 Bc8 27. Kh2 R5e7 28. Be2 h5 29. Bf3 Nd3 30. Rd1 Qd4 31. b3 Nb4 32. Qc1 Qe5 33. bxc4 h4 34. cxb5 axb5 35. Qb1 Na6 36.
Qxb5 Nc5 37. a4 Bd7 38. Qb6 Bxa4 39. Rb1 Bc2 40. Rb2 hxg3+ 41. fxg3 Bxe4 42. Bxe4 Nxe4 43.
Rb4 f5 44. Qc6 Qf6 45. Rb7 Qf7 46. Rxe7 Qxe7 47. Qc4 Kg7 48. Qd4+ Qe5 49. Qa7+ Re7 50. Qb8 f4 51. gxf4 Qxf4+ 0-1

[Event "*** SCC Grand Prix: Titled Tuesday Blitz"]
[Site "Chess.com"]
[Date "2020.07.21"]
[Round "1"]
[White "Thipsay"]
[Black "Sibelephant"]
[Result "0-1"]
[WhiteElo "2462"]
[BlackElo "3107"]
[TimeControl "180+1"]
[EndTime "10:07:19 PDT"]
[Termination "Sibelephant won by resignation"]

1. e4 c5 2. Nf3 e6 3. d4 cxd4 4. Nxd4 Nc6 5. Nc3 a6 6. Be2 Nxd4 7. Qxd4 Ne7 8. f4 Nc6 9. Qf2 b5 10. a3 Bb7 11. O-O Be7 12. Be3 O-O 13. Rad1 Rc8 14. e5 Qe8 15. Bc5 Na5 16. Bxe7 Qxe7 17. Qd4 Rfd8 18. Ne4 Bxe4 19. Qxe4 Nc4 20. Bd3 g6 21. b4 Nxa3 22. Ra1 Nc4 23. Rxa6 Qxb4 24. Qd4 Qc5 25. Qxc5 Rxc5 26. Bxc4 Rxc4 27. Rb6 b4 28. Rf2 Ra8 29. h4 Ra1+ 30. Kh2 Rd1 31. g3 Kf8 32. Kh3 h5 33. Re2 Ke7 34. Kh2 Rc1 35. Kh3 Kd8 36.
Rb7 Kc8 37. Rb5 Kc7 38. Rd2 Rh1+ 39. Kg2 Ra1 40. Kh3 Ra2 41. Rg2 Ra8 42. Rd2 Kc6 0-1

[Event "*** SCC Grand Prix: Titled Tuesday Blitz"]
[Site "Chess.com"]
[Date "2020.07.21"]
[Round "1"]
[White "Pavel_Mir"]
[Black "124chess"]
[Result "0-1"]
[WhiteElo "2338"]
[BlackElo "2679"]
[TimeControl "180+1"]
[EndTime "10:07:19 PDT"]
[Termination "124chess won on time"]

1. e4 e6 2. d4 d5 3. Nd2 Nc6 4. Ngf3 Nf6 5. e5 Nd7 6. Be2 f6 7. exf6 Qxf6 8. Nf1 Bd6 9. Ne3 O-O 10. O-O h6 11. c4 Qf7 12. c5 Bf4 13. g3 Bxe3 14. Bxe3 e5 15. dxe5 Ndxe5 16. Nxe5 Nxe5 17. f4 Nc6 18. Bf3 Be6 19. a3 Rad8 20. Bd4 Bf5 21. b4 Be4 22. Qd2 Bxf3 23. Rxf3 Rfe8 24. Bb2 a6 25. Rff1 d4 26. Rae1 Qd5 27. Rxe8+ Rxe8 28. f5 Qe5 29. f6 Qe3+ 30. Qxe3 Rxe3 31. fxg7 Rb3 32. Rf2 Kxg7 33.
Rd2 Kg6 34. Kg2 d3 35. h4 a5 36. bxa5 Nxa5 37. Kf3 Nc4 0-1

[Event "*** SCC Grand Prix: Titled Tuesday Blitz"]
[Site "Chess.com"]
[Date "2020.07.21"]
[Round "1"]
[White "Grandelicious"]
[Black "MIJUAREZ"]
[Result "1-0"]
[WhiteElo "2777"]
[BlackElo "2393"]
[TimeControl "180+1"]
[EndTime "10:07:20 PDT"]
[Termination "Grandelicious won on time"]

1. Nf3 c5 2. e3 Nc6 3. d4 d5 4.
c4 e6 5. cxd5 exd5 6. Bb5 Nf6 7.
O-O Bd6 8. dxc5 Bxc5 9. b3 O-O 10.
Bb2 Ne4 11. Nc3 Nxc3 12. Bxc3 Bg4 13. Be2 Bb6 14. Rc1 Re8 15. h3 Bh5 16. Rc2 Bg6 17. Rd2 Qe7 18. Qa1 f6 19. Rxd5 Be4 20. Rd2 a5 21. Rfd1 Rad8 22. Nd4 Ne5 23. Qb2 Kh8 24. Nb5 Bc6 25. Rxd8 Rxd8 26. Rxd8+ Bxd8 27. Qd2 Bb6 28. Bxa5 Bxb5 29. Bxb5 Qc5 30. a4 h6 31. Bb4 Qc7 32. a5 Ba7 33. Bc3 Qe7 34. Be2 Nc6 35. b4 Ne5 36. b5 Kh7 37. b6 Bb8 38. Qc2+ f5 39. Qxf5+ 1-0

[Event "*** SCC Grand Prix: Titled Tuesday Blitz"]
[Site "Chess.com"]
[Date "2020.07.21"]
[Round "1"]
[White "MiroVlasenko"]
[Black "Phriex"]
[Result "1-0"]
[WhiteElo "2734"]
[BlackElo "2375"]
[TimeControl "180+1"]
[EndTime "10:07:20 PDT"]
[Termination "MiroVlasenko won by resignation"]

1. d4 d5 2. Bf4 Nf6 3. e3 c5 4.
Nc3 Nc6 5. Nb5 e5 6. dxe5 a6 7.
Nc3 d4 8. exf6 dxc3 9. Qxd8+ Nxd8 10. fxg7 Bxg7 11. b3 Ne6 12. Bd6 Bd7 13. Nf3 Bc6 14.
O-O-O O-O-O 15. Bc4 b6 16. Bxa6+ Bb7 17. Bxb7+ Kxb7 18. Be5 Ra8 19. Kb1 Bxe5 20. Nxe5 Ra6 21. Rd7+ Nc7 22. a4 Rha8 23. Rd3 b5 24. Rxc3 bxa4 25. Rd1 axb3 26. Rxb3+ Kc8 27. Kc1 Ne6 28. Nc4 Kc7 29.
Kd2 Rd8+ 30. Ke2 Rxd1 31. Kxd1 Ra1+ 32. Ke2 Rg1 33. g3 Ng5 34. h4 Ne4 35. Kf3 Nf6 36. Ne5 Rc1 37. Rc3 Kb6 38. Rxc5 Kxc5 39. Nd3+ Kc4 40. Nxc1 Kc3 41. Ne2+ Kxc2 42. Nd4+ Kd3 43.
Nc6 Nd7 44. Kf4 Ke2 45. f3 Nc5 46. Nd4+ Kf2 47. e4 Nd3+ 48. Kg4 Ne5+ 49. Kf5 Nxf3 50. Nxf3 Kxf3 51. g4 Kg3 52. h5 h6 53. g5 1-0

[Event "*** SCC Grand Prix: Titled Tuesday Blitz"]
[Site "Chess.com"]
[Date "2020.07.21"]
[Round "1"]
[White "Playgood28"]
[Black "Undisputed92"]
[Result "0-1"]
[WhiteElo "2281"]
[BlackElo "2625"]
[TimeControl "180+1"]
[EndTime "10:07:21 PDT"]
[Termination "Undisputed92 won by resignation"]

1. d4 Nf6 2. c4 e6 3. Nc3 Bb4 4. Qc2 O-O 5. a3 Bxc3+ 6. Qxc3 d6 7. e3 Nbd7 8. Nf3 Re8 9. Be2 e5 10. dxe5 Nxe5 11. Nxe5 Rxe5 12. b4 Ne4 13. Qd4 c5 14. Qb2 Qh4 15. O-O Rg5 16. Bf3 Bf5 17. Bxe4 Bxe4 18.
f3 Bd3 19. Rf2 b6 20. e4 Bxc4 21. Bxg5 Qxg5 22. bxc5 dxc5 23. a4 Bd3 24. a5 Qd8 25. axb6 axb6 26. Rxa8 Qxa8 27. h3 Qa6 28. Qe5 h6 29. g4 Qc8 30. Kg2 b5 31. g5 hxg5 32. Qxg5 b4 33. Ra2 b3 34. Ra7 b2 35. Qe7 Qf8 0-1

[Event "*** SCC Grand Prix: Titled Tuesday Blitz"]
[Site "Chess.com"]
[Date "2020.07.21"]
[Round "1"]
[White "viniciusrego"]
[Black "Violord"]
[Result "0-1"]
[WhiteElo "2281"]
[BlackElo "2622"]
[TimeControl "180+1"]
[EndTime "10:07:21 PDT"]
[Termination "Violord won by resignation"]

1. d4 Nf6 2. c4 g6 3. Nc3 Bg7 4.
e4 d6 5. Nf3 O-O 6. Be2 Nbd7 7.
O-O e5 8. Re1 Re8 9. Bf1 a6 10. d5 a5 11. Rb1 Nc5 12. Nd2 Bd7 13. Nb3 Nxb3 14. Qxb3 b6 15. Qc2 Nh5 16. b3 f5 17. Bd3 Rf8 18. a3 f4 19. f3 g5 20.
b4 axb4 21. axb4 g4 22. c5 gxf3 23. gxf3 Kh8 24. Qf2 Rg8 25. Kh1 Bf6 26. Rg1 Rxg1+ 27.
Qxg1 Bh4 28. c6 Bh3 29. Bf1 Bxf1 30. Qxf1 Qg5 31. Qh3 Rg8 32. Bd2 Bf2 33. Ne2 b5 34. Rf1 Bb6 35. Be1 Qh6 36. Qe6 Qg7 37. Qh3 Be3 38.
Bf2 Qh6 39. Qe6 Qg5 40. Rg1 Ng3+ 41. Nxg3 Bxf2 42. Rg2 fxg3 43. hxg3 Qh5+ 44. Rh2 Qxf3+ 45. Rg2 Bxg3 46. Qf6+ Qxf6 0-1

[Event "*** SCC Grand Prix: Titled Tuesday Blitz"]
[Site "Chess.com"]
[Date "2020.07.21"]
[Round "1"]
[White "Larina_Marija"]
[Black "turayev_shahruh17"]
[Result "0-1"]
[WhiteElo "2110"]
[BlackElo "2518"]
[TimeControl "180+1"]
[EndTime "10:07:21 PDT"]
[Termination "turayev_shahruh17 won on time"]

1. e4 e6 2. d4 d5 3. Nc3 Bb4 4. exd5 exd5 5. Bd3 Nc6 6. Ne2 Nf6 7. O-O O-O 8. a3 Be7 9. Bg5 Be6 10. Qd2 Qd7 11. f3 Bf5 12. Bb5 h6 13. Bh4 a6 14.
Bd3 Rae8 15. Rae1 Na5 16. Bf2 Nc4 17. Bxc4 dxc4 18. Ng3 Bh7 19. Nge4 b5 20. Nxf6+ Bxf6 21. Ne4 Be7 22. Rd1 Bd6 23. Rfe1 Qf5 24. Nxd6 cxd6 25.
c3 a5 26. Rxe8 Rxe8 27. Re1 Rxe1+ 28. Qxe1 Bg6 29. h3 Kh7 30. Qe2 Qb1+ 31. Kh2 Bd3 32. Qd2 d5 33. Bg3 Bc2 34. Qf4 f6 35. Qd6 Qxb2 36.
Qxd5 Bd3 37. Bd6 Qxc3 38. Bf8 Qd2 39. h4 Qf4+ 40. g3 Qf5 41. Qxf5+ Bxf5 42. g4 c3 43. a4 b4 44. gxf5 c2 0-1

[Event "*** SCC Grand Prix: Titled Tuesday Blitz"]
[Site "Chess.com"]
[Date "2020.07.21"]
[Round "1"]
[White "tigra"]
[Black "WPWPWP-2015"]
[Result "1-0"]
[WhiteElo "2845"]
[BlackElo "2424"]
[TimeControl "180+1"]
[EndTime "10:07:22 PDT"]
[Termination "tigra won on time"]

1. e4 e5 2. Nf3 Nc6 3. Nc3 Nf6 4. a3 Be7 5. d4 exd4 6. Nxd4 O-O 7. Nf3 Re8 8. Bc4 Bc5 9. O-O h6 10. b4 Bf8 11. b5 Na5 12. Ba2 d6 13. Nd4 a6 14.
f3 axb5 15. Ndxb5 c6 16. Nd4 d5 17. exd5 cxd5 18. Kh1 Nc4 19. Ndb5 Be6 20. Bf4 Rc8 21.
a4 Bc5 22. h3 d4 23. Ne4 Nxe4 24. fxe4 Ne3 25. Bxe3 dxe3 26. Bxe6 Rxe6 27. Qf3 Qe7 28. Nc3 Rf6 29. Nd5 Rxf3 30. Nxe7+ Bxe7 31. Rxf3 Bc5 32.
Re1 f6 33. Kg1 Re8 34. Rf4 Kf7 35. Kf1 g5 36. Rf5 Bb6 37. e5 Kg6 38. Rxf6+ 1-0

[Event "*** SCC Grand Prix: Titled Tuesday Blitz"]
[Site "Chess.com"]
[Date "2020.07.21"]
[Round "1"]
[White "BilodeauA"]
[Black "Sjakkerntobi"]
[Result "0-1"]
[WhiteElo "2803"]
[BlackElo "2424"]
[TimeControl "180+1"]
[EndTime "10:07:22 PDT"]
[Termination "Sjakkerntobi won on time"]

1. e4 e6 2. d4 d5 3. Nd2 a6 4. Ngf3 Nf6 5. Bd3 c5 6. exd5 exd5 7. dxc5 Bxc5 8. O-O O-O 9. Nb3 Bb6 10. Nfd4 Nc6 11. c3 Bg4 12. f3 Bh5 13. Be3 Re8 14. Bf2 Bg6 15. Qd2 Qd6 16. Rae1 Ne5 17. Bxg6 Nxg6 18. Bg3 Qd7 19. Kh1 h5 20. Qg5 Rxe1 21. Rxe1 Re8 22.
Qd2 h4 23. Bf2 h3 24. g3 Ne5 25. Qg5 Nxf3 26. Nxf3 Bxf2 27. Rf1 Ne4 28. Qf4 Bb6 29. Nbd4 Nf6 30. Nf5 Qe6 31. Qg5 g6 32. Nh6+ Kg7 33. Nd4 Bxd4 34. Nf5+ Qxf5 0-1

[Event "*** SCC Grand Prix: Titled Tuesday Blitz"]
[Site "Chess.com"]
[Date "2020.07.21"]
[Round "1"]
[White "Artem_Sadovsky"]
[Black "Vandros57"]
[Result "1-0"]
[WhiteElo "2523"]
[BlackElo "2122"]
[TimeControl "180+1"]
[EndTime "10:07:24 PDT"]
[Termination "Artem_Sadovsky won on time"]

1. d4 d5 2. Nf3 Nf6 3. c4 e6 4. Nc3 Nbd7 5. Bg5 Be7 6. e3 O-O 7. Bd3 c6 8. O-O dxc4 9. Bxc4 Nd5 10. Bxe7 Qxe7 11. e4 Nxc3 12. bxc3 e5 13. Re1 h6 14. a4 Rd8 15. a5 a6 16. Qb3 Rb8 17. Rad1 Rf8 18.
h3 Kh8 19. Rd2 g6 20. Re3 Kg7 21. Qb2 Kg8 22. Qc1 Kg7 23. Rb2 Kh7 24. Re1 Kg7 25. Qe3 Kh7 26. Reb1 Kg7 27. Bxa6 bxa6 28. Rxb8 Nxb8 29.
Rxb8 exd4 30. cxd4 Be6 31. Rxf8 Qxf8 32. d5 cxd5 33.
exd5 Bc8 34. Qd4+ Kg8 35. d6 Qd8 36. Ne5 Qxa5 37. d7 Qe1+ 38. Kh2 Bxd7 39. Nxd7 1-0

[Event "*** SCC Grand Prix: Titled Tuesday Blitz"]
[Site "Chess.com"]
[Date "2020.07.21"]
[Round "1"]
[White "Igor_Lysyj"]
[Black "Manukyan_Artak"]
[Result "1-0"]
[WhiteElo "2801"]
[BlackElo "2401"]
[TimeControl "180+1"]
[EndTime "10:07:25 PDT"]
[Termination "Igor_Lysyj won on time"]

1. d4 Nf6 2. c4 g6 3. Nc3 Bg7 4.
e4 d6 5. Nf3 O-O 6. Be2 e5 7.
O-O Nc6 8. d5 Ne7 9. Ne1 c5 10.
Be3 h5 11. f3 Kh7 12. Nd3 Nfg8 13. Qd2 Bh6 14. f4 exf4 15. Bxf4 f5 16. e5 dxe5 17. Nxe5 Bxf4 18. Qxf4 Nh6 19. Nf3 Neg8 20. Bd3 Bd7 21. Rae1 Re8 22. Ng5+ Kg7 23. h4 Ng4 24. Qd6 N8f6 25.
Qxc5 Qb6 26. Qxb6 axb6 27. a3 b5 28. cxb5 Ne3 29. Rf2 Nexd5 30. Rxe8 Rxe8 31. Nxd5 Nxd5 32. Rd2 Nf4 33. Bc4 Re7 34. g3 Ne6 35. Rxd7 Rxd7 36. Nxe6+ Kf6 37. b3 Rd2 38. a4 b6 39. Nf4 g5 40.
hxg5+ Kxg5 41. Ne2 h4 42. gxh4+ Kxh4 43. Kf2 Kg5 44. Kf3 Rd1 45. Nf4 Rc1 46. Nd5 1-0